 Dungeon Crawl Stone Soup version 0.29.1-15-g9cfb28693d (webtiles) character file.

Game seed: 935301123371577927

9 leafyfresh the Sneak (level 2, -6/21 HPs)
             Began as an Octopode Delver on Feb 24, 2023.
             Mangled by an iguana (13 damage)
             ... on level 5 of the Dungeon.
             The game lasted 00:00:12 (108 turns).

leafyfresh the Sneak (Octopode Delver)               Turns: 108, Time: 00:00:12

Health: -6/21      AC:  1    Str: 11    XL:     2   Next: 12%
Magic:  2/2        EV: 13    Int: 12    God:
Gold:   0          SH:  0    Dex: 13    Spells: 1/1 levels left

rFire   . . .      SeeInvis .   a - +0 short sword
rCold   . . .      Faith    .   (no shield)
rNeg    . . .      Spirit   .   (helmet restricted)
rPois   .          Reflect  .   (no amulet)
rElec   .          Harm     .   (no ring)
rCorr   .          Rampage  .   (no ring)
Will    .....                   (no ring)
Stlth   ++++......              (no ring)
HPRegen 0.07/turn               (no ring)
MPRegen 0.08/turn               (no ring)
                                (no ring)
                                (no ring)

@: no status effects
A: almost no armour, amphibious, 8 rings, camouflage 1, gelatinous body 1,
(nimble swimmer 1), tentacles
a: no special abilities


You were on level 5 of the Dungeon.
You visited 1 branch of the dungeon, and saw 1 of its levels.

Inventory:

Hand Weapons
 a - a +0 short sword (weapon)
Wands
 f - a wand of digging (3)
Scrolls
 b - a scroll of fog
 c - a scroll of magic mapping
 d - a scroll of fear
 g - a scroll of identify {unknown}
Potions
 e - a potion of haste


   Skills:
 - Level 3.0 Fighting
 - Level 2.0 Short Blades
 - Level 2.0 Dodging
 + Level 7.2 Stealth


You had one spell level left.
You didn't know any spells.
Your spell library was empty.

Dungeon Overview and Level Annotations

Branches:
Dungeon (5/15)
 Temple: D:4-7

Altars:


Innate Abilities, Weirdness & Mutations

You cannot wear most types of armour.
You are amphibious.
You can wear up to eight rings at the same time.
Your skin changes colour to match your surroundings (Stealth+).
Your rubbery body absorbs attacks. (AC +1, EV +1)
((You are camouflaged when in or above water. (Stealth+)))
You have tentacles for arms and can constrict up to eight enemies at once.


Message History

You kill the adder!
Your Stealth skill increases to level 7!
You have reached level 2!
HP restored.
g - a scroll labelled QYSUON QOMATAKK No target in view!
An iguana comes into view.
The iguana hisses angrily.
An iguana is nearby!
An iguana is nearby!
The iguana completely misses you.
An iguana is nearby!
You barely miss the iguana. You grab the iguana.
You constrict the iguana, but do no damage.
The iguana bites you!
You hit the iguana. You squeeze the iguana.
The iguana is lightly wounded.
You constrict the iguana. The iguana barely misses you.
An iguana is nearby!
You hit the iguana but do no damage. Your squeeze misses the iguana.
The iguana is lightly wounded.
You constrict the iguana, but do no damage.
The iguana bites you.
An iguana is nearby!
You are too injured to fight recklessly!
An iguana is nearby!
You are too injured to fight recklessly!
An iguana is nearby!
You are too injured to fight recklessly!
An iguana is nearby!
Unknown command.
You hit the iguana but do no damage. You squeeze the iguana.
The iguana is moderately wounded.
You constrict the iguana, but do no damage.
The iguana completely misses you.
You hit the iguana but do no damage. You squeeze the iguana.
The iguana is heavily wounded.
You constrict the iguana. The iguana bites you!
Ouch! That really hurt!
You die...

#.####..#
#....#..#
####.#..#
#.....# #..#..#
####..#..#
.........######
####..#........
#..@########
##.l# #..# ...#
....# ######


You could see an iguana.

Vanquished Creatures
  An adder (D:5)
1 creature vanquished.

Notes
Turn   | Place    | Note
-------+----------+-------------------------------------------
     0 | D:5      | leafyfresh the Octopode Delver began the quest for the Orb.
     0 | D:5      | Reached XP level 1. HP: 16/16 MP: 1/1
    25 | D:5      | Reached skill level 7 in Stealth
    25 | D:5      | Reached XP level 2. HP: 17/21 MP: 2/2
   108 | D:5      | Mangled by an iguana

Illustrated notes

Levels and vault maps discovered:
D:5:      layout_loops_ring, minmay_temple_entry_slanted,
          kennysheep_generic_room_7, uniq_eustachio, uniq_duvessa

Skill      XL: |  1 |
---------------+----+-----
Stealth        | 7 |  7.2
Fighting       | |  3.0
Short Blades   | |  2.0
Dodging        | |  2.0

Action                   || total
-------------------------++-------
Melee: Short sword       ||     9
       Tentacles         ||     4
       Constrict         ||     2
Dodge: Dodged            ||     6
